 Dungeon Crawl Stone Soup version 0.16-a0-253-g996e5b4 (webtiles) character file.

42 KaKa the Chiller (level 3, 0/24 (26) HPs)
             Began as a Ghoul Ice Elementalist on Aug 23, 2014.
             Slain by a worm (11 damage)
             ... on Level 2 of the Dungeon.
             The game lasted 00:04:38 (1072 turns).

KaKa the Chiller (Ghoul Ice Elementalist)           Turns: 1072, Time: 00:04:39

HP   0/24 (26)   AC  3     Str 11      XL: 3   Next: 54%
MP   0/5         EV 10     Int 11      God:
Gold 64          SH  0     Dex  9      Spells:  1 memorised,  4 levels left

rFire  + . .     SeeInvis .       - Unarmed
rCold  + . .     Clarity  .     i - +0 leather armour
rNeg   + + +     rCorr    .     (no shield)
rPois  +         rRot     +     (no helmet)
rElec  .         Spirit   .     (no cloak)
SustAb .         Warding  .     (no gloves)
rMut   .         Stasis   .     (no boots)
Saprov + + +                    (no amulet)
MR     .....                    m - ring of positive energy
                                e - ring of protection from fire

@: very slightly contaminated, rotting, not resistant to hostile enchantments,
very unstealthy
A: rotting body, claws 1, carnivore 3, cold resistance 1, negative energy
resistance 3, poison resistance, saprovore 3, slow healing 1, torment
resistance, unbreathing
a: no special abilities


You were on level 2 of the Dungeon.
You were not hungry.

You visited 1 branch of the dungeon, and saw 2 of its levels.

You collected 64 gold pieces.

Inventory:

Armour
 i - a +0 leather armour (worn)
Comestibles
 g - a rotting chunk of worm flesh
 k - a rotting chunk of giant mite flesh
 l - a rotting chunk of hobgoblin flesh
 p - a chunk of adder flesh
Scrolls
 f - a scroll of fog {unknown}
 j - a scroll of noise {unknown}
 n - a scroll of amnesia {unknown}
 o - a scroll of identify {unknown}
Jewellery
 e - a ring of protection from fire (left claw)
 m - a ring of positive energy (right claw)
Potions
 a - a potion of haste {unknown}
 c - a potion of brilliance {unknown}
 d - a potion of might {unknown}
 h - a potion of confusion {unknown}
Books
 b - a book of Frost

   Spells                             Type                      Level
   *Freeze                            Ice                          1
   Throw Frost                        Conjuration/Ice              2
   Ozocubu's Armour                   Charms/Ice                   3
   Throw Icicle                       Conjuration/Ice              4
   Summon Ice Beast                   Ice/Summoning                4
   Condensation Shield                Ice                          4


   Skills:
 - Level 1.7 Dodging
 - Level 2.1 Stealth
 + Level 2.1 Unarmed Combat
 - Level 1.7 Spellcasting
   Level 0.7 Conjurations
 + Level 4.1 Ice Magic


You had 4 spell levels left.
You knew the following spells:

 Your Spells              Type           Power        Failure   Level  Hunger
a - Freeze                Ice            ##..         6%          1    ##.....


Dungeon Overview and Level Annotations

Branches:
Dungeon (2/15)

Altars:


Innate Abilities, Weirdness & Mutations

Your body is rotting away.
You have sharp fingernails.
You are carnivorous and can eat meat at any time.
Your flesh is cold resistant.
You are immune to negative energy.
Your system is resistant to poisons.
You thrive on rotten meat.
You heal slowly when monsters are visible.
You are immune to unholy pain and torment.
You can survive without breathing.


Message History

You miscast Freeze.
You are very lightly contaminated with residual magic.
Frost covers your body. The worm bites you!
Casting: Freeze
Confirm with . or Enter, or press ? or * to list all spells.
Aiming: Freeze
Press: ? - help, Shift-Dir - straight line, f/p - worm
Aim: a worm (lightly wounded)
You miscast Freeze.
You feel uncomfortably cold.
You see here a bat corpse.
You see here a purple potion.
Casting: Freeze
Confirm with . or Enter, or press ? or * to list all spells.
Aiming: Freeze
Press: ? - help, Shift-Dir - straight line, f/p - worm
Aim: a worm (lightly wounded)
You freeze the worm.
The worm is moderately wounded.
The worm bites you!
You die...

#......# #.....###
####### ######.#
#....## # #.# #...##
#.######## #.......#
#.......# #.......#
##......# #.....@##
#######w##
#........## # #
#.........######.## #
.....................
.
##..........!........
#.........#%........
########...........#
.................


You could see a worm.

Vanquished Creatures
  An inept item mimic (D:2)
  An adder (D:2)
  A giant mite (D:2)
  A worm (D:2)
  A giant gecko (D:1)
  3 hobgoblins
  2 bats
  2 giant newts (D:1)
  2 kobolds
  3 rats
17 creatures vanquished.

Notes
Turn   | Place    | Note
--------------------------------------------------------------
     0 | D:1      | KaKa, the Ghoul Ice Elementalist, began the quest for the Orb.
     0 | D:1      | Reached XP level 1. HP: 14/14 MP: 2/2
   345 | D:1      | Reached skill level 1 in Unarmed Combat
   345 | D:1      | Reached XP level 2. HP: 7/19 MP: 0/3
   776 | D:2      | Reached skill level 4 in Ice Magic
   824 | D:2      | Reached XP level 3. HP: 20/24 MP: 3/5
  1072 | D:2      | Slain by a worm

Action                   || total
-------------------------++-------
Melee: Unarmed           ||    37
 Cast: Freeze            ||    27
 Stab: Sleeping          ||     1
  Eat: Chunk             ||     1
